 Dungeon Crawl Stone Soup version 0.30-a0-702-gdf48620a09 (webtiles) character file.

Game seed: 2708534439719365562

16 acebull12 the Trooper (level 2, 27/27 HPs)
             Began as a Minotaur Fighter on Jan 21, 2023.
             Quit the game on level 1 of the Dungeon on Jan 24, 2023.
             The game lasted 00:00:36 (154 turns).

acebull12 the Trooper (Minotaur Fighter)             Turns: 154, Time: 00:00:36

Health: 27/27      AC:  8    Str: 20    XL:     2   Next: 37%
Magic:  1/1        EV:  9    Int:  5    God:
Gold:   25         SH:  4    Dex:  9    Spells: 1/1 levels left

rFire   . . .      SeeInvis .    a - +0 war axe
rCold   . . .      Faith    .    c - +0 buckler
rNeg    . . .      Spirit   .    b - +0 scale mail
rPois   .          Reflect  .    (helmet restricted)
rElec   .          Harm     .    (no cloak)
rCorr   .          Rampage  .    (no gloves)
Will    .....                    e - +0 pair of boots Stlth
                                 (no amulet)
HPRegen 0.24/turn                (no ring)
MPRegen 0.07/turn                (no ring)

@: no status effects
A: horns 2, retaliatory headbutt
a: no special abilities


You were on level 1 of the Dungeon.
You visited 1 branch of the dungeon, and saw 1 of its levels.

You collected 25 gold pieces.

Inventory:

Hand Weapons
 a - a +0 war axe (weapon)
Armour
 b - a +0 scale mail (worn)
 c - a +0 buckler (worn)
 e - a +0 pair of boots (worn)
Scrolls
 f - 3 scrolls of blinking {unknown}
 h - a scroll of amnesia {unknown}
 i - a scroll of identify {unknown}
 j - a scroll of summoning {unknown}
Potions
 d - a potion of might
 g - a potion of haste {unknown}


   Skills:
 + Level 4.1 Fighting
 + Level 2.5 Axes
 + Level 4.0 Armour
 + Level 3.8 Shields


You had one spell level left.
You didn't know any spells.
Your spell library contained the following spells:

 Spells                   Type           Power      Damage    Failure   Level
 Kiss of Death            Conj/Necr      0%         2d5       89%         1
 Ozocubu's Armour         Ice            0%         N/A       99%         3
 Stone Arrow              Conj/Erth      0%         3d7       99%         3
 Animate Armour           Summ/Erth      0%         N/A       100%        4
 Lehudib's Crystal Spear  Conj/Erth      0%         10d2      100%        8


Dungeon Overview and Level Annotations

Branches:
Dungeon (1/15)

Altars:


Innate Abilities, Weirdness & Mutations

You have a pair of horns on your head.
You reflexively headbutt those who attack you in melee.


Message History

A jackal and a bat come into view.
Found a scroll labelled VAARAA DUNENT.
The jackal barks!
The bat barely misses you.
A jackal comes into view.
The bat hits you.
You slash the bat!
You kill the bat!
There are monsters nearby!
You hit the endoplasm.
You kill the endoplasm!
You barely miss the jackal. Your headbutt misses the jackal.
You block the jackal's attack. The jackal barely misses you.
You slash the jackal!
You kill the jackal!
The jackal bites you.
Your Fighting skill increases to level 4!
You closely miss the jackal. The jackal misses you.
The jackal barely misses you.
You hit the jackal.
You headbutt the jackal, but do no damage.
The jackal is almost dead.
The jackal barely misses you.
The jackal bites you but does no damage.
You barely miss the jackal.
The jackal is almost dead.
The jackal bites you but does no damage.
The jackal barely misses you.
You hit the jackal.
You kill the jackal!
You now have 25 gold pieces (gained 13).
You see here a jackal corpse.
j - a scroll labelled VAARAA DUNENT No target in view!
You open the door.
There is an open door here.
A dart slug comes into view.
Welcome back, acebull12 the Minotaur Fighter.
Press ? for a list of commands and other information.
Are you sure you want to abandon this character and quit the game? (Confirm with "yes".)

######......>.
###....†#..#####
#.'.....+....... #
#.#.....#...#### ##.
#.#.....#.#..... .w.
#.#.....#.#..### #..
#.#.....#.#..#
###...###.#.....#.#..###
.......@..#.....#.#.....
###########.....#.# ....
#######.# #.. #.# #..
#.# #.. #.####..
#....... #####... #...


You could see a dart slug.

Vanquished Creatures
  An endoplasm (D:1)
  A goblin (D:1)
  3 hobgoblins (D:1)
  5 jackals (D:1)
  A quokka (D:1)
  A bat (D:1)
12 creatures vanquished.

Notes
Turn   | Place    | Note
-------+----------+-------------------------------------------
     0 | D:1      | acebull12 the Minotaur Fighter began the quest for the Orb.
     0 | D:1      | Reached XP level 1. HP: 19/19 MP: 0/0
    48 | D:1      | Got Tysuck's Almanac of Wild Freezing
    60 | D:1      | Reached XP level 2. HP: 27/27 MP: 1/1
   154 | D:1      | Quit the game

Illustrated notes

Levels and vault maps discovered:
D:1:      eino_arrival_water_cross, layout_basic

Skill      XL: |  1  2 |
---------------+-------+-----
Armour         | 4 |  4.0
Fighting       | 4 |  4.1
Axes           | |  2.5
Shields        | |  3.8

Action                   || total
-------------------------++-------
Melee: War axe           ||    26
       Headbutt          ||     1
Armor: Scale mail        ||    15
Dodge: Dodged            ||    13
Block: Buckler           ||     4

Table legend: (Time is in decaauts)
 A = Elapsed time spent in this place.
 B = Non-inter-level travel time spent in this place.
 C = Inter-level travel time spent in this place.
 D = Time resting spent in this place.
 E = Time spent auto-exploring this place.
 F = Levels seen in this place.
 G = Mean time per level.
                   A        B        C        D        E       F      G
               +--------+--------+--------+--------+--------+-----+--------+
         Total |    164 |    164 |      0 |      0 |     93 |   1 |  164.0 |
       Dungeon |    164 |    164 |      0 |      0 |     93 |   1 |  164.0 |
               +--------+--------+--------+--------+--------+-----+--------+

Top non-repeatable levels by time:
     D:1: 164 daAuts
